 Dungeon Crawl Stone Soup version 0.29.0-4-gdea44cf6ec (webtiles) character file.

Game seed: 1016021019951261702

303 qw the Sneak (level 6, -6/39 HPs)
             Began as a Gargoyle Delver on Sept 10, 2022.
             Killed from afar by Dowan (13 damage)
             ... with a stone arrow
             ... on level 4 of the Dungeon.
             The game lasted 00:00:57 (3312 turns).

qw the Sneak (Gargoyle Delver)                      Turns: 3312, Time: 00:00:58

Health: -6/39      AC: 14    Str: 17    XL:     6   Next: 38%
Magic:  6/6        EV: 10    Int: 11    God:
Gold:   160        SH:  0    Dex: 11    Spells: 5/5 levels left

rFire   . . .      SeeInvis .   Y - +3 hand axe (flame)
rCold   . . .      Faith    .   (no shield)
rNeg    + . .      Spirit   .   h - +0 ring mail
rPois   inf        Reflect  .   i - +1 helmet
rElec   +          Harm     .   (no cloak)
rCorr   .          Rampage  .   o - +2 pair of gloves
Will    .....                   (no boots)
Stlth   ++........              (no amulet)
HPRegen 0.13/turn               (no ring)
MPRegen 0.10/turn               (no ring)

@: no status effects
A: sickness immunity, AC +4, negative energy resistance 1, electricity
resistance, torment resistance 1, petrification resistance
a: no special abilities


You were on level 4 of the Dungeon.
You visited 1 branch of the dungeon, and saw 5 of its levels.

You collected 160 gold pieces.


Innate Abilities, Weirdness & Mutations

You are immune to sickness and miasma.
Your stone body is resilient. (AC +4)
You are immune to poison.
You resist negative energy. (rN+)
You are resistant to electric shocks. (rElec)
You are resistant to unholy torment.
You are immune to petrification.


   Skills:
 - Level 4.6 Fighting
 + Level 5.0 Axes
 - Level 1.8 Armour
 - Level 1.5 Dodging
 - Level 5.4 Stealth


You had 5 spell levels left.
You didn't know any spells.
Your spell library was empty.

Inventory:

Hand Weapons
 Y - a +3 hand axe of flaming (weapon)
Missiles
 j - 4 boomerangs (quivered)
Armour
 h - a +0 ring mail (worn)
 i - a +1 helmet (worn)
 o - a +2 pair of gloves (worn)
Wands
 g - a wand of digging (3)
Potions
 a - a potion of ambrosia {unknown}
 b - a potion of flight {unknown}
 c - a potion of heal wounds {unknown}
 d - a potion of brilliance {unknown}
 e - a potion of might {unknown}
 f - 3 potions of haste

Dungeon Overview and Level Annotations

Branches:
Dungeon (5/15)
 Temple: D:4-7

Altars:
Ashenzari
Gozag
Uskayaw

Shops:
D:3 *

Annotations:
D:2 1 runed translucent door, Crazy Yiuf
D:4 Dowan


Message History

Press: ? - help, Q - select action Shift-Dir - straight line, f/p - Duvessa You throw a boomerang.
The boomerang hits Duvessa.
Duvessa is severely wounded.
Throw: 4 boomerangs
Press: ? - help, Q - select action Shift-Dir - straight line, f/p - Duvessa You throw a boomerang.
The boomerang hits Duvessa.
Duvessa is severely wounded.
Throw: 4 boomerangs
Press: ? - help, Q - select action Shift-Dir - straight line, f/p - Duvessa You throw a boomerang.
The boomerang barely misses Duvessa.
You hit Duvessa but do no damage.
Duvessa is severely wounded.
Duvessa misses you.
You hit Duvessa but do no damage.
Duvessa is severely wounded.
Duvessa barely misses you.
You barely miss Duvessa.
Duvessa is severely wounded.
Duvessa misses you.
You closely miss Duvessa.
Duvessa is severely wounded.
Duvessa completely misses you.
The hobgoblin shouts!
You slash Duvessa! You burn Duvessa.
You kill Duvessa!
Dowan seems overcome with grief.
Dowan seems to find hidden reserves of power!
Your Fighting skill increases to level 4!
You have reached level 6!
Dowan barely misses you.
Things that are here:
a +0 short sword; a +2 leather armour of poison resistance; the elf corpse of Duvessa You miss Dowan.
Dowan is heavily wounded.
Dowan hits you but does no damage. Dowan closely misses you.
You barely miss Dowan.
Dowan is heavily wounded.
Dowan points at you and mumbles some strange words.
The stone arrow hits you!
You die...

.## ..##
#.. .ee#
######..
.#.#
.#.......
### .#.#
........###
... .#..
..........
#.####
##g..
.........#
#....###
#..
......e..#
#.<... .^.
#..g.@.#
#.....
###....#
#.....
##..##
######.....
#.##
...........
#.
.#####.....
## #.....
#.....
#..>..
######


You could see Dowan (fast) and a hobgoblin.

Vanquished Creatures
  Duvessa (D:4)
  A phantom (D:4)
  2 orc wizards (D:3)
  2 adders
  2 worms
  6 dart slugs
  3 orcs (D:3)
  3 bats
  5 endoplasms
  A giant cockroach (D:1)
  3 goblins
  3 hobgoblins
  4 kobolds
  7 ball pythons
  2 frilled lizards (D:1)
  3 rats
48 creatures vanquished.

Vanquished Creatures (others)
  An orc (D:5)
1 creature vanquished.

Grand Total: 49 creatures vanquished

Notes
Turn   | Place    | Note
-------+----------+-------------------------------------------
     0 | D:5      | qw the Gargoyle Delver began the quest for the Orb.
     0 | D:5      | Reached XP level 1. HP: 14/14 MP: 1/1
     0 | D:5      | 0 ||| qw: Version: 0.1-a-116-g5d60599
     0 | D:5      | 0 ||| qw: Game counter: 8981
     0 | D:5      | 0 ||| qw: Always use a shield: true
     0 | D:5      | 0 ||| qw: God list: Okawaru
     0 | D:5      | 0 ||| qw: Allow faded altars: false
     0 | D:5      | 0 ||| qw: Do Orc after D:15 true
     0 | D:5      | 0 ||| qw: Do second Lair branch before Depths: true
     0 | D:5      | 0 ||| qw: Lair rune preference: random
     0 | D:5      | 0 ||| qw: Plans: Normal
     0 | D:5      | 0 ||| PLANNING D:1-11
     7 | D:5      | 7 ||| UPGRADING to +0 ring mail.
     9 | D:5      | 9 ||| Stepping ~*~*~tactically~*~*~ (stealth).
    10 | D:5      | 10 ||| UPGRADING to +0 ring mail.
    20 | D:5      | 20 ||| DROPPING +0 leather armour.
    21 | D:5      | 21 ||| DROPPING scroll of fog.
    22 | D:5      | 22 ||| Stepping ~*~*~tactically~*~*~ (stealth).
    23 | D:5      | 23 ||| DROPPING scroll of magic mapping.
    24 | D:5      | 24 ||| DROPPING scroll of fear.
    26 | D:5      | 26 ||| Stepping ~*~*~tactically~*~*~ (stealth).
    31 | D:5      | 31 ||| Stepping ~*~*~tactically~*~*~ (stealth).
    33 | D:5      | 33 ||| Stepping ~*~*~tactically~*~*~ (stealth).
    35 | D:5      | 35 ||| Stepping ~*~*~tactically~*~*~ (stealth).
    37 | D:5      | 37 ||| Stepping ~*~*~tactically~*~*~ (stealth).
    39 | D:5      | 39 ||| Stepping ~*~*~tactically~*~*~ (stealth).
    41 | D:5      | 41 ||| Stepping ~*~*~tactically~*~*~ (stealth).
    61 | D:5      | Reached XP level 2. HP: 8/19 MP: 2/2
   230 | D:5      | Found a broken altar of Ashenzari.
   358 | D:3      | Found an opulent altar of Gozag.
   361 | D:3      | Found Gozag's Platinum Reserve.
   371 | D:3      | 371 ||| SHOPLISTING +0 pair of gloves of Gimacwoc {Str+4}
                  | (1990 gold, have 0).
   371 | D:3      | 371 ||| SHOPLISTING +3 leather armour of Naaschax {Dex+6}
                  | (3660 gold, have 0).
   371 | D:3      | 371 ||| SHOPLISTING ring "Muafahof" {rF+ rC+} (3900 gold,
                  | have 0).
   441 | D:3      | Noticed a +0 dagger
   442 | D:3      | Noticed a +0 falchion
   442 | D:3      | Noticed a +0 short sword
   445 | D:3      | Noticed a +0 short sword
   445 | D:3      | Noticed a +0 dagger
   445 | D:3      | Noticed a +0 falchion
   445 | D:3      | Noticed a +0 spear
   447 | D:3      | Noticed a +0 spear
   448 | D:3      | Found a hide-covered altar of Uskayaw.
   527 | D:3      | Identified the +8 sling of Glory {vorpal, Drain rN+ Will+
                  | rCorr}
   610 | D:3      | 610 ||| SWAPPING to +2 hand axe of flaming.
   611 | D:3      | 611 ||| DROPPING +0 hand axe.
   660 | D:3      | 660 ||| Stepping ~*~*~tactically~*~*~ (stealth).
   666 | D:3      | 666 ||| Stepping ~*~*~tactically~*~*~ (stealth).
   673 | D:3      | Reached skill level 3 in Axes
   682 | D:3      | Reached XP level 3. HP: 23/23 MP: 3/3
   684 | D:3      | 684 ||| Stepping ~*~*~tactically~*~*~ (stealth).
   753 | D:3      | 753 ||| Stepping ~*~*~tactically~*~*~ (stealth).
   758 | D:3      | 758 ||| Stepping ~*~*~tactically~*~*~ (stealth).
   759 | D:3      | 759 ||| Stepping ~*~*~tactically~*~*~ (stealth).
   771 | D:3      | 771 ||| READING scroll labelled ANU VIOSAUFOTA.
   772 | D:3      | 772 ||| READING scroll labelled NEAZEEPNE BASU.
   816 | D:2      | Found a faded altar of an unknown god.
   820 | D:2      | 820 ||| READING scroll labelled MILOPS EMIG.
   833 | D:1      | 833 ||| Stepping ~*~*~tactically~*~*~ (stealth).
   834 | D:1      | 834 ||| Stepping ~*~*~tactically~*~*~ (stealth).
   836 | D:1      | 836 ||| Stepping ~*~*~tactically~*~*~ (stealth).
   837 | D:1      | 837 ||| Stepping ~*~*~tactically~*~*~ (stealth).
   844 | D:1      | 844 ||| Stepping ~*~*~tactically~*~*~ (stealth).
  1049 | D:1      | 1049 ||| Stepping ~*~*~tactically~*~*~ (hiding).
  1151 | D:1      | 1151 ||| Stepping ~*~*~tactically~*~*~ (hiding).
  1195 | D:1      | 1195 ||| Stepping ~*~*~tactically~*~*~ (hiding).
  1297 | D:1      | 1297 ||| Stepping ~*~*~tactically~*~*~ (hiding).
  1872 | D:1      | 1872 ||| DROPPING amulet of magic regeneration.
  1873 | D:1      | 1873 ||| READING scroll labelled WYECKU KUMM.
  1874 | D:1      | 1874 ||| READING 2 scrolls labelled KOITOBRIMN.
  1875 | D:1      | 1875 ||| READING scroll labelled GOASCH RAJYSE.
  1876 | D:1      | 1876 ||| DRINKING 2 purple potions.
  1877 | D:1      | 1877 ||| DROPPING scroll of vulnerability.
  2018 | D:2      | Found a runed translucent door.
  2019 | D:2      | Noticed Crazy Yiuf
  2094 | D:2      | Found a broken altar of Ashenzari.
  2599 | D:2      | Reached XP level 4. HP: 28/28 MP: 4/4
  2701 | D:2      | 2701 ||| DROPPING orb of mayhem.
  2702 | D:2      | 2702 ||| UPGRADING to +2 pair of gloves.
  2707 | D:2      | 2707 ||| READING 2 scrolls labelled SUONWE KEORIL.
  2708 | D:2      | 2708 ||| READING scroll labelled XAICUO CIMI.
  2709 | D:2      | 2709 ||| READING scroll labelled HOADEF WULUED.
  2710 | D:2      | 2710 ||| DROPPING scroll of amnesia.
  2751 | D:3      | 2751 ||| Stepping ~*~*~tactically~*~*~ (stealth).
  2758 | D:3      | 2758 ||| Stepping ~*~*~tactically~*~*~ (stealth).
  2763 | D:3      | 2763 ||| Stepping ~*~*~tactically~*~*~ (stealth).
  2764 | D:3      | 2764 ||| Stepping ~*~*~tactically~*~*~ (stealth).
  2786 | D:3      | 2786 ||| Stepping ~*~*~tactically~*~*~ (stealth).
  2788 | D:3      | 2788 ||| Stepping ~*~*~tactically~*~*~ (stealth).
  2797 | D:3      | 2797 ||| Stepping ~*~*~tactically~*~*~ (stealth).
  2799 | D:3      | 2799 ||| Stepping ~*~*~tactically~*~*~ (stealth).
  2800 | D:3      | 2800 ||| Stepping ~*~*~tactically~*~*~ (stealth).
  2801 | D:3      | 2801 ||| Stepping ~*~*~tactically~*~*~ (stealth).
  2810 | D:3      | 2810 ||| DRINKING potion of curing.
  2810 | D:3      | 2810 ||| (to cure confusion)
  2813 | D:3      | Reached skill level 1 in Armour
  2818 | D:3      | Reached XP level 5. HP: 16/32 MP: 5/5
  3186 | D:3      | 3186 ||| UPGRADING to +1 helmet.
  3242 | D:4      | Noticed a phantom
  3245 | D:4      | 3245 ||| STAIRDANCE
  3255 | D:4      | Noticed Duvessa
  3260 | D:4      | Noticed Dowan
  3261 | D:4      | Killed a phantom
  3266 | D:4      | HP: 7/32 [Duvessa/+0 short sword (6)]
  3267 | D:4      | 3267 ||| READING 2 scrolls of teleportation.
  3269 | D:4      | HP: 1/32 [Duvessa/+0 short sword (3)]
  3274 | D:4      | 3274 ||| READING scroll of teleportation.
  3309 | D:4      | Killed Duvessa
  3310 | D:4      | Reached XP level 6. HP: 6/39 MP: 6/6
  3312 | D:4      | Killed from afar by Dowan

Levels and vault maps discovered:
D:1:      amcnicky_arrival_feature_with_door, layout_basic,
          minmay_split_cup_large
D:2:      layout_basic, basic_ecumenical_altar, basic_altar,
          hangedman_abyss_or_decor_stabs, minmay_misc_feat_encased,
          uniq_crazy_yiuf_cottage
D:3:      layout_loops_ring, nicolae_gozag_zags_fifth_avenue,
          nicolae_uskayaw_en_pointe, grunt_ministairs_2, nicolae_titane
D:4:      due_chaos_kobolds, layout_rooms, slow_altar_1,
          mainiacjoe_overflow_alcove_4, temple_pool_b, uniq_duvessa
D:5:      layout_loops_ring, mainiacjoe_overflow_small_starburst,
          nemelex_diamond_rough_becter, nicolae_qazlal_scattered_showers,
          uniq_edmund, uniq_sigmund

Skill      XL: |  1  2  3  4  5 |
---------------+----------------+-----
Axes           | 2 3 4 5 |  5.0
Armour         | 1 |  1.8
Fighting       | 4 |  4.6
Dodging        | |  1.5
Stealth        | |  5.4

Action                   |  1- 3 |  4- 6 || total
-------------------------+-------+-------++-------
Melee: Hand axe          |    80 |    43 ||   123
       Punch             |     1 |     1 ||     2
Throw: Boomerang         |    27 |     9 ||    36
  Use: Scroll            |     6 |     5 ||    11
       Potion            |     1 |     1 ||     2
 Stab: Sleeping          |     1 |       ||     1
Armor: Ring mail         |    36 |    31 ||    67
Dodge: Dodged            |    37 |    30 ||    67

Table legend:
 A = Non-vault XP
 B = Vault XP
 C = Vault XP percentage of total XP
 D = Non-vault monster count
 E = Vault monster count
 F = Vault count percentage of total count
                 A         B        C        D         E       F
            +---------+---------+-------+---------+---------+-------
      Total |     276 |     157 |  36.3 |      42 |       6 |  12.5
            +---------+---------+-------+---------+---------+-------
        D:1 |      27 |       8 |  22.9 |      15 |       4 |  21.1
        D:2 |      13 |       0 |   0.0 |       7 |       0 |   0.0
        D:3 |     113 |       4 |   3.4 |      14 |       1 |   6.7
        D:4 |     109 |     145 |  57.1 |       5 |       1 |  16.7
        D:5 |      14 |       0 |   0.0 |       1 |       0 |   0.0
            +---------+---------+-------+---------+---------+-------
